 Dungeon Crawl Stone Soup version 0.31-a0-728-g01b46875f1 (console) character file.

Game seed: 12443246154724844900

208 jejorda2 the Chopper (level 5, -2/47 HPs)
             Began as a Gnoll Berserker on Sept 11, 2023.
             Was a Believer of Trog.
             Slain by an iguana (9 damage)
             ... on level 4 of the Dungeon.
             The game lasted 00:03:36 (3069 turns).

jejorda2 the Chopper (Gnoll Berserker)              Turns: 3069, Time: 00:03:38

Health: -2/47      AC: 15    Str: 19    XL:     5   Next: 86%
Magic:  7/7        EV:  9    Int:  6    God:    Trog [**....]
Gold:   200        SH:  0    Dex: 11    Spells: 7/7 levels left

rFire   + + .        a - +0 hand axe
rCold   + . .        (no shield)
rNeg    . . .        j - +0 chain mail
rPois   .            m - +2 helmet
rElec   .            n - scarf {rC+ rF+}
rCorr   .            q - +1 pair of gloves
SInv    .            (no boots)
Will    ++...        (no amulet) Stlth
                     o - ring of protection from fire
HPRegen 1.27/turn    (no ring)
MPRegen 0.10/turn

%: no passive effects
@: brilliant, strong-willed (expiring), on berserk cooldown, regenerating
(expiring), hasted and slowed
A: fangs 1, strong nose, distributed training
a: Renounce Religion, Berserk, Trog's Hand


You were on level 4 of the Dungeon.
You worshipped Trog.
Trog was pleased with you.
You visited 1 branch of the dungeon, and saw 4 of its levels.

You collected 200 gold pieces.

Inventory:

Hand Weapons
 a - a +0 hand axe (weapon)
Missiles
 b - 6 boomerangs
Armour
 j - a +0 chain mail (worn)
 l - a +0 cloak
 m - a +2 helmet (worn)
 n - a scarf of resistance (worn)
 q - a +1 pair of gloves (worn)
Jewellery
 o - a ring of protection from fire (left hand)
Scrolls
 c - a scroll of fear {unknown}
 g - 2 scrolls of identify {unknown}
 i - a scroll of enchant weapon {unknown}
 k - 6 scrolls of teleportation {unknown}
 p - a scroll of torment {unknown}
Potions
 f - 2 potions of mutation {unknown}
 h - a potion of curing {unknown}


   Skills:
 + Level 6.7 Fighting
 + Level 1.7 Short Blades
 + Level 1.7 Long Blades
 + Level 6.7 Axes
 + Level 1.7 Maces & Flails
 + Level 1.7 Polearms
 + Level 1.7 Staves
 + Level 1.7 Ranged Weapons
 + Level 1.7 Throwing
 + Level 4.9 Armour
 + Level 4.9 Dodging
 + Level 1.7 Stealth
 + Level 1.7 Shields
 + Level 1.7 Unarmed Combat
 + Level 1.7 Spellcasting
 + Level 1.3 Conjurations
 + Level 1.3 Hexes
 + Level 1.3 Summonings
 + Level 1.3 Necromancy
 + Level 1.3 Translocations
 + Level 1.3 Transmutations
 + Level 1.3 Fire Magic
 + Level 1.3 Ice Magic
 + Level 1.3 Air Magic
 + Level 1.3 Earth Magic
 + Level 1.3 Poison Magic
 + Level 1.9 Invocations
 + Level 1.7 Evocations
 + Level 1.5 Shapeshifting


You had 7 spell levels left.
You didn't know any spells.
Your spell library was empty.

Dungeon Overview and Level Annotations

Branches:
Dungeon (4/15)
 Temple: D:4-7

Altars:


Innate Abilities, Weirdness & Mutations

You have very sharp teeth.
Your uncanny sense of smell can sniff out nearby items.
Your experience applies equally to all skills.


Message History

Unknown command.
Your skin crawls.
You feel strong-willed. The gnoll closely misses you. The iguana misses you.
The gnoll completely misses you.
You hit the iguana.
The iguana is heavily wounded.
The iguana bites you. The gnoll closely misses you. The iguana bites you!
You closely miss the iguana. You punch the iguana.
You bite the iguana, but do no damage.
The iguana is heavily wounded.
The gnoll hits you but does no damage. The iguana barely misses you.
The gnoll hits you but does no damage.
It was a potion of brilliance.
You feel clever all of a sudden.
The gnoll is no longer moving quickly. x2; The iguana bites you!
The gnoll hits you but does no damage. The iguana closely misses you.
You hit the iguana.
The iguana is almost dead.
You feel the effects of Trog's Hand fading.
The gnoll barely misses you.
The iguana bites you but does no damage.
You hit the iguana but do no damage. You punch the iguana.
The iguana is almost dead.
The gnoll hits you but does no damage.
The iguana bites you but does no damage.
The gnoll hits you but does no damage.
The iguana bites you but does no damage.
You hit the iguana but do no damage.
The iguana is almost dead.
The gnoll barely misses you. The iguana bites you!
* * * LOW HITPOINT WARNING * * *
It was a potion of haste.
You feel yourself speed up.
The gnoll hits you from afar with a +0 spear.
* * * LOW HITPOINT WARNING * * *
The iguana barely misses you.
The gnoll hits you from afar with a +0 spear.
* * * LOW HITPOINT WARNING * * *
The iguana bites you!
You die... ##..# #. ...## #. ....... ...#. . og.. ##. #go

#.. #l# #<# #@# . #.#
#)# ... #.####.##.....
#####.........#.#.
#......................
.
#.########[##.#.#.#.#.#
∆.# #.#
#............##...
###.###
####.#.#.#.#..#.#
#.....# #............##


You could see an iguana, 2 gnolls and 2 orcs.

Vanquished Creatures
  Crazy Yiuf (D:2)
  A gnoll bouda (D:4)
  Robin (D:2)
  2 gnolls (D:4)
  7 adders
  A worm (D:2)
  An orc (D:3)
  6 ball pythons
  3 bats
  2 endoplasms
  2 giant cockroaches
  14 goblins
  4 hobgoblins
  3 quokkas (D:2)
  4 frilled lizards
  3 kobolds
  3 rats
58 creatures vanquished.

Notes
Turn   | Place    | Note
-------+----------+-------------------------------------------
     0 | D:1      | jejorda2 the Gnoll Berserker began the quest for the Orb.
     0 | D:1      | Reached XP level 1. HP: 23/23 MP: 1/1
   522 | D:1      | Reached XP level 2. HP: 29/29 MP: 2/2
  1069 | D:2      | Reached XP level 3. HP: 21/35 MP: 2/4
  1177 | D:2      | Reached skill level 1 in Invocations
  1316 | D:2      | Reached skill level 1 in Short Blades
  1316 | D:2      | Reached skill level 1 in Long Blades
  1316 | D:2      | Reached skill level 1 in Maces & Flails
  1316 | D:2      | Reached skill level 1 in Polearms
  1316 | D:2      | Reached skill level 1 in Staves
  1316 | D:2      | Reached skill level 1 in Ranged Weapons
  1316 | D:2      | Reached skill level 1 in Throwing
  1316 | D:2      | Reached skill level 1 in Stealth
  1316 | D:2      | Reached skill level 1 in Shields
  1316 | D:2      | Reached skill level 1 in Unarmed Combat
  1316 | D:2      | Reached skill level 1 in Spellcasting
  1316 | D:2      | Reached skill level 1 in Evocations
  1517 | D:2      | Noticed Robin
  1521 | D:2      | Reached XP level 4. HP: 36/41 MP: 5/5
  1523 | D:2      | Reached skill level 1 in Shapeshifting
  1531 | D:2      | Reached ** piety under Trog
  1535 | D:2      | Killed Robin
  1592 | D:2      | Found a runed translucent door.
  1593 | D:2      | Noticed Crazy Yiuf
  1601 | D:2      | Killed Crazy Yiuf
  1602 | D:2      | Reached skill level 1 in Conjurations
  1602 | D:2      | Reached skill level 1 in Hexes
  1602 | D:2      | Reached skill level 1 in Summonings
  1602 | D:2      | Reached skill level 1 in Necromancy
  1602 | D:2      | Reached skill level 1 in Translocations
  1602 | D:2      | Reached skill level 1 in Transmutations
  1602 | D:2      | Reached skill level 1 in Fire Magic
  1602 | D:2      | Reached skill level 1 in Ice Magic
  1602 | D:2      | Reached skill level 1 in Air Magic
  1602 | D:2      | Reached skill level 1 in Earth Magic
  1602 | D:2      | Reached skill level 1 in Poison Magic
  1815 | D:2      | Reached XP level 5. HP: 44/47 MP: 5/7
  3069 | D:4      | Slain by an iguana

Illustrated notes

Levels and vault maps discovered:
D:1:      amcnicky_arrival_underground_garden, layout_loops_corners,
          chequers_garden
D:2:      layout_basic, minmay_door_square, minmay_hexomino_p4, uniq_robin,
          uniq_crazy_yiuf_cottage
D:3:      layout_rooms, serial_co_window_serial, co_window_corner_a,
          co_window_paths_b, co_window_paths_a, co_window_cross_1,
          co_window_corner_a, co_window_corner_cb, co_window_broadway_a,
          co_window_broadway_a, co_window_2corner, co_window_broadway_a,
          co_window_broadway_c, glass_columns_b, glass_columns_a,
          minmay_misc_feat_ornament
D:4:      layout_loops_ring, serial_glass, glass_columns_b, glass_columns_b,
          glass_columns_a, glass_columns_c, feat_on_display,
          minmay_strange_pillars, feat_on_display, minmay_strange_pillars,
          amethyst_killhole, nicolae_elemental_shop

Skill      XL: |  1  2  3  4 |
---------------+-------------+-----
Invocations    | 1 |  1.9
Short Blades   | 1 |  1.7
Long Blades    | 1 |  1.7
Maces & Flails | 1 |  1.7
Polearms       | 1 |  1.7
Staves         | 1 |  1.7
Ranged Weapons | 1 |  1.7
Throwing       | 1 |  1.7
Stealth        | 1 |  1.7
Shields        | 1 |  1.7
Unarmed Combat | 1 |  1.7
Spellcasting   | 1 |  1.7
Evocations     | 1 |  1.7
Shapeshifting  | 1 |  1.5
Conjurations   | 1 |  1.3
Hexes          | 1 |  1.3
Summonings     | 1 |  1.3
Necromancy     | 1 |  1.3
Translocations | 1 |  1.3
Transmutations | 1 |  1.3
Fire Magic     | 1 |  1.3
Ice Magic      | 1 |  1.3
Air Magic      | 1 |  1.3
Earth Magic    | 1 |  1.3
Poison Magic   | 1 |  1.3
Fighting       | |  6.7
Axes           | |  6.7
Armour         | |  4.9
Dodging        | |  4.9

Action                     |  1- 3 |  4- 6 || total
---------------------------+-------+-------++-------
  Melee: Hand axe          |    79 |    81 ||   160
         Bite              |     4 |     6 ||    10
         Punch             |     1 |     2 ||     3
 Invoke: Berserk           |     2 |     3 ||     5
         Trog's Hand       |       |     1 ||     1
    Use: Potion            |       |     2 ||     2
 Armour: Animal skin       |    35 |       ||    35
         Chain mail        |     4 |    58 ||    62
  Dodge: Dodged            |    52 |    49 ||   101

Table legend: (Time is in decaauts)
 A = Elapsed time spent in this place.
 B = Non-inter-level travel time spent in this place.
 C = Inter-level travel time spent in this place.
 D = Time resting spent in this place.
 E = Time spent auto-exploring this place.
 F = Levels seen in this place.
 G = Mean time per level.
                   A        B        C        D        E       F      G
               +--------+--------+--------+--------+--------+-----+--------+
         Total |   3088 |   3041 |     47 |    123 |   2509 |   4 |  772.0 |
       Dungeon |   3088 |   3041 |     47 |    123 |   2509 |   4 |  772.0 |
               +--------+--------+--------+--------+--------+-----+--------+

Top non-repeatable levels by time:
     D:2: 1230 daAuts
     D:3: 879 daAuts
     D:1: 846 daAuts
     D:4: 131 daAuts
